 Dungeon Crawl Stone Soup version 0.29-a0-643-ga013cefcf8 (webtiles) character file.

Game seed: 1714516435985683691

9 quinnr the Gusty (level 2, 0/15 HPs)
             Began as a Tengu Air Elementalist on June 19, 2022.
             Slain by a kobold
             ... wielding a +3 dagger of electrocution
              (11 damage)
             ... on level 1 of the Dungeon.
             The game lasted 00:00:55 (422 turns).

quinnr the Gusty (Tengu Air Elementalist)            Turns: 422, Time: 00:00:55

Health: 0/15       AC:  2    Str:  8    XL:     2   Next: 12%
Magic:  0/6        EV: 12    Int: 15    God:
Gold:   26         SH:  0    Dex: 14    Spells: 4/5 levels left

rFire   . . .      SeeInvis .   (no weapon)
rCold   . . .      Faith    .   (no shield)
rNeg    . . .      Spirit   .   a - +0 robe
rPois   .          Reflect  .   (helmet restricted)
rElec   .          Harm     .   (no cloak)
rCorr   .          Rampage  .   (no gloves)
Will    .....                   (boots unavailable)
Stlth   ++........              (no amulet)
HPRegen 0.05/turn               (no ring)
MPRegen 0.10/turn               (no ring)

@: no status effects
A: beak, talons 3
a: no special abilities


You were on level 1 of the Dungeon.
You visited 1 branch of the dungeon, and saw 1 of its levels.

You collected 26 gold pieces.

Inventory:

Armour
 a - a +0 robe (worn)
 f - a +2 leather armour of fire resistance
Scrolls
 c - a scroll of immolation {unknown}
 d - 2 scrolls of blinking {unknown}
 e - a scroll of vulnerability {unknown}
 g - a scroll of identify {unknown}
Potions
 b - a potion of magic
 h - a potion of haste {unknown}


   Skills:
 - Level 2.1 Dodging
 - Level 2.0 Stealth
 - Level 2.0 Spellcasting
 - Level 1.3 Conjurations
 + Level 4.8 Air Magic


You had 4 spell levels left.
You knew the following spells:

 Your Spells              Type           Power      Damage    Failure   Level
a - Shock                 Conj/Air       40%        1d5       6%          1

Your spell library contained the following spells:

 Spells                   Type           Power      Damage    Failure   Level
 Swiftness                Air            16%        N/A       9%          3
 Static Discharge         Conj/Air       10%        N/A       10%         2
 Airstrike                Air            8%         N/A       30%         4


Dungeon Overview and Level Annotations

Branches:
Dungeon (1/15)

Altars:


Innate Abilities, Weirdness & Mutations

You have a beak for a mouth.
You have claws for feet.


Message History

You finish taking off your +2 leather armour of fire resistance.
You feel less resistant to fire.
You start putting on your armour.
You continue putting on your +0 robe. x5
You finish putting on your +0 robe.
Key pressed, stopping explore.
An endoplasm and a rat come into view.
Found 14 gold pieces.
There are monsters nearby!
The zap hits the endoplasm.
The endoplasm is almost dead.
The zap hits the endoplasm.
You kill the endoplasm!
A rat is nearby!
The zap hits the rat.
You kill the rat!
A kobold comes into view.
It is wielding a +3 dagger of electrocution.
A kobold is nearby!
The zap hits the kobold.
The kobold is moderately wounded.
The kobold shouts!
A kobold is nearby!
The zap misses the kobold.
A kobold is nearby!
The zap misses the kobold.
A kobold is nearby!
You are out of magic!
A kobold is nearby!
You are out of magic!
A kobold is nearby!
Unknown command.
Unknown command.
The zap misses the kobold.
A kobold is nearby!
You are out of magic!
You hit the kobold but do no damage.
The kobold is moderately wounded.
The kobold hits you with a +3 dagger of electrocution.
You are electrocuted!
Ouch! That really hurt!
You die...

####....#.............##.........
..##..................##.........
#.##.........^.................##
.###........................#####
## .........................#....
..........................#.###
........... #...........#.##.
....#####........#.##.##.
........@K.......#.....#.
....########..##.#.....#. .
..#######.##.#.......
...........#........#
...........#.........
##.........#.........
........K............
.....................
.....?.......#.......


You could see a kobold.

Vanquished Creatures
  2 endoplasms (D:1)
  A giant cockroach (D:1)
  2 hobgoblins (D:1)
  A kobold (D:1)
  A rat (D:1)
7 creatures vanquished.

Notes
Turn   | Place    | Note
-------+----------+-------------------------------------------
     0 | D:1      | quinnr the Tengu Air Elementalist began the quest for the
                  | Orb.
     0 | D:1      | Reached XP level 1. HP: 10/10 MP: 4/4
   221 | D:1      | Reached XP level 2. HP: 15/15 MP: 4/6
   422 | D:1      | Slain by a kobold

Illustrated notes

Levels and vault maps discovered:
D:1:      nzn_arrival_crosshair, layout_basic

Action                   || total
-------------------------++-------
Melee: Unarmed           ||     1
 Cast: Shock             ||    20

Table legend: (Time is in decaauts)
 A = Elapsed time spent in this place.
 B = Non-inter-level travel time spent in this place.
 C = Inter-level travel time spent in this place.
 D = Time resting spent in this place.
 E = Time spent auto-exploring this place.
 F = Levels seen in this place.
 G = Mean time per level.
                   A        B        C        D        E       F      G
               +--------+--------+--------+--------+--------+-----+--------+
         Total |    422 |    422 |      0 |      0 |    313 |   1 |  422.0 |
       Dungeon |    422 |    422 |      0 |      0 |    313 |   1 |  422.0 |
               +--------+--------+--------+--------+--------+-----+--------+

Top non-repeatable levels by time:
     D:1: 422 daAuts
